cohdb
Replays
Latest Replays
All Replays
Popular Replays
Top Player Replays
Match Explorer
How It Works
Community
CoH3 Stats
Reddit
Sign in to upload your games and track your stats! →
Sign in with Steam
Match 42443027
Unlisted
Match 42443027
Overview
Messages
Build Orders
End
Kradschützen Motorcycle Team
Panzergrenadier Squad
Panzergrenadier Squad
Construct Light Support Kompanie
2.5-tonne Medical Truck
Selects Battlefield Espionage Battlegroup
Selects Intel Disruption Beacon
MG34 Team
Fire Support Elements
Pak 38 Mechanized Group
Flakvierling Half-track
Veteran Squad Leaders
Selects 250/3 Funkpanzerwagen
Selects Anti-Tank Incendiary Munitions
Construct Panzerarmee Kommand
Walking Stuka Rocket Launcher
Walking Stuka Rocket Launcher
Selects Transfer Depots
Flakvierling Half-track
HulkSMASH
⚓️Ruby⚓
Havoc
Dumais
0
0
Comments
sign in to comment!
No comments posted yet!